[Event "GER-ch Youth-U12 2022"]
[Site "Willingen"]
[Date "2022.06.08"]
[Round "6.17"]
[White "Aweh, Mads"]
[Black "Kullmann, Max"]
[Result "1/2-1/2"]
[ECO "B01"]
[WhiteElo "1438"]
[BlackElo "1442"]
[Annotator "NA RC COMBH"]
[PlyCount "66"]
[EventDate "2022.06.05"]
[EventType "swiss"]
[EventRounds "9"]
[EventCountry "GER"]
[SourceTitle "playchess.com"]
[Source "ChessBase"]
[SourceQuality "1"]
[TimeControl "40/4500+30:900+30"]

1. e4 d5 2. exd5 Qxd5 3. Nc3 Qa5 4. d4 c6 5. Nf3 Bf5 6. Bc4 e6 7. Bd2 Qc7 8. Qe2 Be7 9. O-O-O Nf6 10. Rdg1 Nbd7 11. h3 Nb6 12. Bd3 Bxd3 13. Qxd3 Nfd5 14. Ne5 Bf6 15. f4 O-O-O 16. Ne4 Rhf8 17. Qe2 Ne7 18. c3 Nf5 19. g4 Nd6 20. g5 Bxe5 21. fxe5 Nf5 22. Rf1 Nd5 23. Rf2 Rd7 24. Rhf1 Kb8 25. Bf4 Nde7 26. Bh2 Ka8 27. Nd6 Qd8 28. Qe4 Nxd6 29. exd6 Nf5 30. h4 Qa5 31. Kb1 Qd5 32. Qxd5 cxd5 33. Be5 Kb8 1/2-1/2

[Event "GER-ch Youth-U12 2022"]
[Site "Willingen"]
[Date "2022.06.08"]
[Round "6.18"]
[White "Goldkuhle, Collin"]
[Black "Herrmann, Jakob"]
[Result "1/2-1/2"]
[ECO "B17"]
[WhiteElo "1323"]
[BlackElo "1737"]
[Annotator "NA RC COMBH"]
[PlyCount "65"]
[EventDate "2022.06.05"]
[EventType "swiss"]
[EventRounds "9"]
[EventCountry "GER"]
[SourceTitle "playchess.com"]
[Source "ChessBase"]
[SourceQuality "1"]
[TimeControl "40/4500+30:900+30"]

1. e4 c6 2. d4 d5 3. Nd2 dxe4 4. Nxe4 Nd7 5. Nf3 Ngf6 6. Ng3 e6 7. Bd3 Bd6 8. Qe2 O-O 9. Bg5 Qa5+ 10. c3 Re8 11. O-O Qc7 12. Ne4 Nxe4 13. Qxe4 Nf8 14. Rfe1 b6 15. Qe2 Bb7 16. Rad1 h6 17. Be3 Rac8 18. Nd2 Bxh2+ 19. Kf1 Bf4 20. Nc4 Bxe3 21. fxe3 c5 22. dxc5 Qxc5 23. Nd6 Qc7 24. Nxe8 Rxe8 25. Qf2 Rd8 26. Rd2 Rxd3 27. Rxd3 Ba6 28. Qd2 Qc4 29. Rd1 Qxa2 30. Qc2 Bxd3+ 31. Rxd3 Qc4 32. Kf2 Qh4+ 33. Kf1 1/2-1/2

[Event "GER-ch Youth-U12 2022"]
[Site "Willingen"]
[Date "2022.06.08"]
[Round "6.19"]
[White "Burkart, Lloyd Shang"]
[Black "Fettig, Michel"]
[Result "1-0"]
[ECO "D93"]
[WhiteElo "1559"]
[BlackElo "1407"]
[Annotator "NA RC COMBH"]
[PlyCount "21"]
[EventDate "2022.06.05"]
[EventType "swiss"]
[EventRounds "9"]
[EventCountry "GER"]
[SourceTitle "playchess.com"]
[Source "ChessBase"]
[SourceQuality "1"]
[TimeControl "40/4500+30:900+30"]

1. d4 Nf6 2. c4 g6 3. Nf3 Bg7 4. Nc3 O-O 5. Bf4 d5 6. e3 Bf5 7. Qb3 b6 8. Nxd5 Nxd5 9. cxd5 Nd7 10. Rc1 Rc8 11. Ba6 1-0

[Event "GER-ch Youth-U12 2022"]
[Site "Willingen"]
[Date "2022.06.08"]
[Round "6.20"]
[White "Radeke, Timothy"]
[Black "Noennig, Jakob"]
[Result "0-1"]
[ECO "C54"]
[WhiteElo "1129"]
[BlackElo "1556"]
[Annotator "NA RC COMBH"]
[PlyCount "110"]
[EventDate "2022.06.05"]
[EventType "swiss"]
[EventRounds "9"]
[EventCountry "GER"]
[SourceTitle "playchess.com"]
[Source "ChessBase"]
[SourceQuality "1"]
[TimeControl "40/4500+30:900+30"]

1. e4 e5 2. Nf3 Nc6 3. Bc4 Bc5 4. c3 Nf6 5. d4 exd4 6. cxd4 Bb4+ 7. Bd2 Bxd2+ 8. Nbxd2 d5 9. exd5 Nxd5 10. Qb3 Nce7 11. O-O O-O 12. Rfe1 c6 13. Rad1 Qb6 14. Qa3 Be6 15. Ne4 Rfe8 16. Neg5 Nf5 17. Nxe6 Rxe6 18. Ng5 Rxe1+ 19. Rxe1 Qxd4 20. Qf3 Qxc4 21. Qxf5 Nf6 22. h3 h6 23. Ne4 Nxe4 24. Rxe4 Qc1+ 25. Kh2 Qxb2 26. Re7 Rf8 27. Qd7 Qxa2 28. Qxb7 Qxf2 29. Qxc6 Qf4+ 30. Kg1 Rb8 31. Qc2 Qb4 32. Qc7 Qb6+ 33. Kf1 Qxc7 34. Rxc7 Ra8 35. Rc4 a5 36. Ra4 Kf8 37. Ke2 Ke7 38. Kd3 Kd6 39. Kd4 Kc6 40. Kc4 f5 41. Kb3 Kb5 42. Rf4 g6 43. g4 Rf8 44. Rd4 Rf6 45. Rd5+ Kb6 46. Ka4 f4 47. Rb5+ Kc7 48. Kxa5 f3 49. Rb1 f2 50. Rf1 Kd6 51. Kb4 Ke5 52. Kc3 Ke4 53. Kd2 Kf3 54. g5 hxg5 55. Kd3 Kg2 0-1

[Event "GER-ch Youth-U12 2022"]
[Site "Willingen"]
[Date "2022.06.08"]
[Round "6.21"]
[White "Gavrylyuk, Oleksandr"]
[Black "Gulamzada, Elmir"]
[Result "1-0"]
[ECO "C14"]
[WhiteElo "1272"]
[BlackElo "1539"]
[Annotator "NA RC COMBH"]
[PlyCount "69"]
[EventDate "2022.06.05"]
[EventType "swiss"]
[EventRounds "9"]
[EventCountry "GER"]
[SourceTitle "playchess.com"]
[Source "ChessBase"]
[SourceQuality "1"]
[TimeControl "40/4500+30:900+30"]

1. e4 e6 2. d4 d5 3. Nc3 Nf6 4. Bg5 Be7 5. e5 Nfd7 6. Bxe7 Qxe7 7. f4 a6 8. Nf3 c5 9. Bd3 Nc6 10. Be2 cxd4 11. Nxd4 Qb4 12. Nxc6 bxc6 13. Qc1 c5 14. O-O Bb7 15. a3 Qb6 16. Bf3 O-O 17. Re1 d4 18. Na4 Qb5 19. Bxb7 Qxb7 20. c3 d3 21. c4 Qb3 22. Nc3 Qxc4 23. Re4 Qb3 24. Qd2 c4 25. Rd4 Nc5 26. Ne4 Na4 27. Rb1 Rab8 28. h3 Rfc8 29. Qc1 Qb6 30. Qe3 Nc3 31. Nxc3 Qb3 32. Qd2 Qb6 33. Qf2 Rb7 34. Ne4 Rcc7 35. Rd8# 1-0

[Event "GER-ch Youth-U12 2022"]
[Site "Willingen"]
[Date "2022.06.08"]
[Round "6.22"]
[White "Nguyen, Bach Khoi"]
[Black "Mukazhanov, Mansur"]
[Result "0-1"]
[ECO "C01"]
[WhiteElo "1261"]
[BlackElo "1279"]
[Annotator "NA RC COMBH"]
[PlyCount "60"]
[EventDate "2022.06.05"]
[EventType "swiss"]
[EventRounds "9"]
[EventCountry "GER"]
[SourceTitle "playchess.com"]
[Source "ChessBase"]
[SourceQuality "1"]
[TimeControl "40/4500+30:900+30"]

1. e4 e6 2. d4 d5 3. exd5 exd5 4. Bd3 Bd6 5. Nf3 Nf6 6. Nbd2 O-O 7. O-O Nbd7 8. Re1 b6 9. Ne5 Bb7 10. Ndf3 c5 11. Bg5 Qc7 12. c3 Ne4 13. Nxd7 Qxd7 14. dxc5 bxc5 15. Bh4 Rfe8 16. c4 d4 17. Qc2 f5 18. Ng5 h6 19. Nxe4 fxe4 20. Bxe4 Bxe4 21. Rxe4 d3 22. Rxe8+ Rxe8 23. Qc3 Be5 24. Qd2 Bf4 25. Qc3 d2 26. Rd1 Qg4 27. f3 Qxh4 28. g3 Be3+ 29. Kg2 Qd4 30. Qb3 Bg5 0-1

[Event "GER-ch Youth-U12 2022"]
[Site "Willingen"]
[Date "2022.06.08"]
[Round "6.23"]
[White "Hellenbroich, Hanno"]
[Black "Mohammadzadeh, Daris"]
[Result "1/2-1/2"]
[ECO "B25"]
[WhiteElo "1274"]
[BlackElo "1371"]
[Annotator "NA RC COMBH"]
[PlyCount "87"]
[EventDate "2022.06.05"]
[EventType "swiss"]
[EventRounds "9"]
[EventCountry "GER"]
[SourceTitle "playchess.com"]
[Source "ChessBase"]
[SourceQuality "1"]
[TimeControl "40/4500+30:900+30"]

1. e4 c5 2. Nc3 Nc6 3. g3 Nf6 4. Bg2 d6 5. d3 g6 6. f4 Bg7 7. Nf3 Bd7 8. O-O O-O 9. h3 a6 10. a4 Qc7 11. g4 Rfc8 12. g5 Ne8 13. Nd5 Qd8 14. a5 Rab8 15. Nb6 Rc7 16. c3 e6 17. Be3 Ne7 18. d4 Bc6 19. Nh4 cxd4 20. Bxd4 Bxd4+ 21. Qxd4 Nc8 22. Nc4 Bb5 23. b3 Bxc4 24. bxc4 Ne7 25. f5 Rbc8 26. fxe6 fxe6 27. Ra2 Nc6 28. Rf8+ Kxf8 29. Qh8+ Kf7 30. Rf2+ Nf6 31. Qxh7+ Ke8 32. Qxg6+ Kd7 33. gxf6 Ne5 34. Qg7+ Kc6 35. f7 Nxf7 36. Rxf7 Rxf7 37. Qxf7 Qxh4 38. e5+ Kc5 39. Qxe6 Qe1+ 40. Bf1 Qe3+ 41. Kh1 Qf3+ 42. Bg2 Qd1+ 43. Kh2 Rf8 44. Bxb7 1/2-1/2

[Event "GER-ch Youth-U12 2022"]
[Site "Willingen"]
[Date "2022.06.08"]
[Round "6.24"]
[White "Xu, Wanghan"]
[Black "Li, Luxuan"]
[Result "0-1"]
[ECO "C48"]
[WhiteElo "1419"]
[BlackElo "1235"]
[Annotator "NA RC COMBH"]
[PlyCount "68"]
[EventDate "2022.06.05"]
[EventType "swiss"]
[EventRounds "9"]
[EventCountry "GER"]
[SourceTitle "playchess.com"]
[Source "ChessBase"]
[SourceQuality "1"]
[TimeControl "40/4500+30:900+30"]

1. e4 e5 2. Nf3 Nc6 3. Nc3 Nf6 4. Bb5 Nd4 5. O-O c6 6. Ba4 Be7 7. Nxe5 d6 8. Nf3 Bg4 9. d3 h6 10. Be3 Nxf3+ 11. gxf3 Bh3 12. Re1 Nd7 13. Bf4 Ne5 14. d4 Ng6 15. Bg3 h5 16. d5 b5 17. Bb3 b4 18. Ne2 c5 19. Ba4+ Kf8 20. Bc6 Rc8 21. a3 h4 22. Qd2 hxg3 23. fxg3 Ne5 24. axb4 Nxf3+ 25. Kf2 Nxd2 26. Nf4 Bg5 27. b5 Qf6 28. Rxa7 Bxf4 29. gxf4 Qxf4+ 30. Ke2 Bg4+ 31. Kd3 Rh3+ 32. Re3 Rxe3+ 33. Kxd2 Qf2+ 34. Kc1 Qe1# 0-1

[Event "GER-ch Youth-U12 2022"]
[Site "Willingen"]
[Date "2022.06.08"]
[Round "6.25"]
[White "Dell, Philip"]
[Black "Limmer, Marco"]
[Result "0-1"]
[ECO "A00"]
[WhiteElo "1457"]
[BlackElo "1825"]
[Annotator "NA RC COMBH"]
[PlyCount "68"]
[EventDate "2022.06.05"]
[EventType "swiss"]
[EventRounds "9"]
[EventCountry "GER"]
[SourceTitle "playchess.com"]
[Source "ChessBase"]
[SourceQuality "1"]
[TimeControl "40/4500+30:900+30"]

1. b4 e6 2. Bb2 Nf6 3. a3 d5 4. Nf3 Be7 5. e3 a5 6. bxa5 Rxa5 7. Be2 c5 8. O-O O-O 9. c4 Nc6 10. Nc3 d4 11. Nb5 d3 12. Bxd3 Qxd3 13. Bc3 Ra8 14. Qb3 Na5 15. Qd1 Nxc4 16. a4 Qd8 17. d3 Nd6 18. Nxd6 Bxd6 19. e4 Bc7 20. h3 Ba5 21. Bxa5 Rxa5 22. Qb3 Qc7 23. Rfc1 Ra6 24. Qb5 Rc6 25. Rc4 Bd7 26. a5 Ra8 27. Rc2 h6 28. Rb2 Ra7 29. Rc2 c4 30. e5 cxd3 31. Rxc6 bxc6 32. Qxd3 Nd5 33. Qd2 c5 34. a6 Bc8 0-1

[Event "GER-ch Youth-U12 2022"]
[Site "Willingen"]
[Date "2022.06.08"]
[Round "6.26"]
[White "Draude, Theo"]
[Black "Agirretxe San Sebastian, Jesus M"]
[Result "0-1"]
[ECO "B27"]
[WhiteElo "1397"]
[BlackElo "2117"]
[Annotator "TA"]
[PlyCount "66"]
[EventDate "2022.06.05"]
[EventType "swiss"]
[EventRounds "9"]
[EventCountry "GER"]
[SourceTitle "playchess.com"]
[Source "ChessBase"]
[SourceQuality "1"]
[TimeControl "40/4500+30:900+30"]

1. e4 c5 2. Nf3 g6 3. d4 cxd4 4. Qxd4 Nf6 5. Nc3 Nc6 6. Qa4 {[%emt 0:00:00] B27: Sicilian: 2 Nf3, unusual Black 2nd moves.} Bg7 (6... d6 $1 $11) 7. e5 $16 Ng8 8. Bf4 {[%emt 0:00:00][%cal Bc1f4,Bf4d2,Bd2g5][%mdl 32] White is slightly better.} Nh6 {[%emt 0:00:00] 8...f6 is vanishing.} (8... f6 $142) 9. h3 O-O 10. Bd3 ({Better is} 10. O-O-O $16) 10... b6 (10... d6 $1 $14) 11. O-O-O $18 Bb7 {[%emt 0:00:00] [#]} 12. Rhe1 $146 ({Predecessor:} 12. Kb1 a6 13. Rhe1 b5 14. Qe4 Kh8 15. Qe3 Ng8 16. h4 Nb4 17. Be2 f6 18. Qd4 Bxf3 19. Bxf3 {1-0 (42) Rodrigues,A-Vieira,A (1747) Sao Paulo 2019}) 12... a6 13. Bd2 e6 {[%emt 0:00:00] [#]} (13... f6 $16) 14. Bg5 $1 Qc7 (14... f6 $142 15. exf6 Rxf6) 15. Qf4 Nf5 16. g4 (16. Bxf5 $18 {and the rest is easy.} f6 17. exf6 Qxf4+ 18. Bxf4 Rxf6 {[#]} 19. Bg4 $1 Rxf4 20. Rxd7) 16... Nfe7 17. Bf6 Bxf6 18. Qxf6 {[%emt 0:00:23] aiming for Be4.} Nb4 $2 (18... Nd5 $16 19. Nxd5 exd5) 19. Qxe7 Bxf3 20. Qxb4 Bxd1 21. Nxd1 ({Weaker is} 21. Rxd1 Qxe5 22. Qxb6 Rfb8 $16) 21... f6 22. f4 fxe5 23. Rxe5 Rf7 24. f5 $4 Qxe5 $19 25. fxg6 hxg6 26. Qxb6 Rb8 27. Qxa6 (27. Qe3 $142 Qxe3+ 28. Nxe3) 27... Qf4+ 28. Kb1 Qd2 29. Be2 {[%emt 0:01:15] [#]} Rf1 $3 30. a4 (30. Qd3 Qxd3) 30... Rxd1+ {[%emt 0:00:04] Black mates.} 31. Bxd1 Qxd1+ 32. Ka2 Qxc2 33. Qb5 Rxb5 {[%emt 0:00:05] Weighted Error Value: White=1.06/Black=0.36} 0-1

[Event "GER-ch Youth-U12 2022"]
[Site "Willingen"]
[Date "2022.06.08"]
[Round "6.27"]
[White "Prashanthakumar, Arju"]
[Black "Haertel, Leon"]
[Result "1-0"]
[ECO "B21"]
[WhiteElo "1265"]
[BlackElo "1536"]
[Annotator "NA RC COMBH"]
[PlyCount "49"]
[EventDate "2022.06.05"]
[EventType "swiss"]
[EventRounds "9"]
[EventCountry "GER"]
[SourceTitle "playchess.com"]
[Source "ChessBase"]
[SourceQuality "1"]
[TimeControl "40/4500+30:900+30"]

1. e4 c5 2. d4 cxd4 3. c3 dxc3 4. Nxc3 Nc6 5. Nf3 d6 6. Bc4 Bg4 7. Bxf7+ Kxf7 8. Ng5+ Ke8 9. Qxg4 Qd7 10. Qxd7+ Kxd7 11. Nf7 Nf6 12. Nxh8 Ke8 13. Be3 g6 14. Ke2 Bg7 15. Nxg6 hxg6 16. Rac1 a6 17. Rhd1 Kd7 18. f4 Kc7 19. Nd5+ Kd8 20. Nxf6 Bxf6 21. e5 Bg7 22. exd6 Bxb2 23. Rb1 Bg7 24. Rxb7 exd6 25. Rxg7 1-0

[Event "GER-ch Youth-U12 2022"]
[Site "Willingen"]
[Date "2022.06.09"]
[Round "7.1"]
[White "Stichter, Constantin Paul"]
[Black "Buchinger, Alexis"]
[Result "1/2-1/2"]
[ECO "C54"]
[WhiteElo "1472"]
[BlackElo "1676"]
[Annotator "NA RC COMBH"]
[PlyCount "48"]
[EventDate "2022.06.05"]
[EventType "swiss"]
[EventRounds "9"]
[EventCountry "GER"]
[SourceTitle "playchess.com"]
[Source "ChessBase"]
[SourceQuality "1"]
[TimeControl "40/4500+30:900+30"]

1. e4 e5 2. Nf3 Nc6 3. d4 exd4 4. Bc4 Bc5 5. c3 Nf6 6. e5 d5 7. Bb5 Ne4 8. Nxd4 O-O 9. Bxc6 bxc6 10. O-O Ba6 11. Re1 Qh4 12. Be3 Bxd4 13. cxd4 Qe7 14. f3 Ng5 15. Qc1 Ne6 16. Qxc6 Qb4 17. Qc3 Rab8 18. b3 Rfd8 19. Rc1 Qxc3 20. Nxc3 c5 21. Na4 cxd4 22. Bd2 Rdc8 23. Kf2 Bb5 24. Nb2 Nc5 1/2-1/2

[Event "GER-ch Youth-U12 2022"]
[Site "Willingen"]
[Date "2022.06.09"]
[Round "7.2"]
[White "Korchynskyi, Mykola"]
[Black "Gloeckler, Christian"]
[Result "1-0"]
[ECO "E73"]
[WhiteElo "1723"]
[BlackElo "1869"]
[Annotator "NA RC COMBH"]
[PlyCount "171"]
[EventDate "2022.06.05"]
[EventType "swiss"]
[EventRounds "9"]
[EventCountry "GER"]
[SourceTitle "playchess.com"]
[Source "ChessBase"]
[SourceQuality "1"]
[TimeControl "40/4500+30:900+30"]

1. d4 Nf6 2. c4 g6 3. Nc3 Bg7 4. e4 d6 5. Be2 O-O 6. Be3 e5 7. d5 a5 8. g4 Na6 9. h4 Nc5 10. Bf3 Qe7 11. g5 Nfd7 12. Be2 Rd8 13. Nh3 Nf8 14. f3 Bxh3 15. Rxh3 h5 16. gxh6 Bf6 17. Bf2 Nh7 18. Qd2 Qd7 19. Rh2 a4 20. O-O-O Ra6 21. Rg1 Kh8 22. Bd1 b6 23. Rf1 Qe7 24. Bxc5 bxc5 25. Bxa4 Bxh4 26. Kb1 Bg5 27. Qc2 Rda8 28. Bc6 Rb8 29. Bb5 Ra7 30. Rg2 Be3 31. Qd3 Bd4 32. Ne2 Qd8 33. Nxd4 cxd4 34. f4 Qe7 35. f5 g5 36. f6 Qf8 37. Qh3 c6 38. Bxc6 Qd8 39. Bb5 Qa5 40. Qb3 Nxf6 41. Re2 d3 42. Re3 Qd2 43. Qxd3 Qxd3+ 44. Rxd3 Nxe4 45. Ka1 Rc7 46. a4 Kh7 47. Re3 f5 48. Rxf5 Kg6 49. Rf1 Nf6 50. Ref3 Rf8 51. Be8+ Rxe8 52. Rxf6+ Kh7 53. Rxd6 e4 54. Re6 Rxe6 55. dxe6 Kxh6 56. Re1 Rxc4 57. e7 Rxa4+ 58. Kb1 Ra8 59. Rxe4 Re8 60. b4 Kg6 61. b5 Kf7 62. b6 g4 63. Rf4+ Ke6 64. Rxg4 Kd7 65. Rc4 Rb8 66. Rc7+ Kd6 67. Rb7 Rxb7 68. e8=Q Rxb6+ 69. Kc2 Kc7 70. Kd3 Rd6+ 71. Kc4 Rc6+ 72. Kb5 Rd6 73. Kc5 Rd7 74. Qe6 Kd8 75. Qf6+ Kc7 76. Qe5+ Kb7 77. Kb5 Ka7 78. Kc6 Rb7 79. Qc5+ Ka8 80. Qa3+ Kb8 81. Qa5 Rh7 82. Qb4+ Ka8 83. Qa3+ Kb8 84. Qb3+ Ka7 85. Qa2+ Kb8 86. Qg8+ 1-0

[Event "GER-ch Youth-U12 2022"]
[Site "Willingen"]
[Date "2022.06.09"]
[Round "7.3"]
[White "Nechitailo, Nikita"]
[Black "Dordevic, Tom"]
[Result "1/2-1/2"]
[ECO "D02"]
[WhiteElo "1371"]
[BlackElo "1771"]
[Annotator "NA RC COMBH"]
[PlyCount "126"]
[EventDate "2022.06.05"]
[EventType "swiss"]
[EventRounds "9"]
[EventCountry "GER"]
[SourceTitle "playchess.com"]
[Source "ChessBase"]
[SourceQuality "1"]
[TimeControl "40/4500+30:900+30"]

1. d4 Nf6 2. Bf4 e6 3. e3 d5 4. Nf3 Bd6 5. Ne5 c5 6. c3 O-O 7. Bd3 Qc7 8. Nd2 b6 9. g4 Nbd7 10. Ndf3 Bb7 11. h4 Ne4 12. Nxd7 Qxd7 13. Ne5 Bxe5 14. dxe5 Qc6 15. Qb1 c4 16. Bc2 d4 17. Bxe4 Qxe4 18. Qxe4 Bxe4 19. Rg1 d3 20. Rg3 b5 21. f3 Bc6 22. e4 Rfb8 23. Be3 a5 24. Kd2 b4 25. Bd4 Bb5 26. f4 Bc6 27. Re1 a4 28. cxb4 a3 29. b3 cxb3 30. axb3 Rxb4 31. Rxd3 Rab8 32. Ba7 Ra8 33. Bd4 h6 34. Kc2 Rab8 35. Rc3 Ba8 36. Ba7 Rxe4 37. Ra1 Rd8 38. Be3 Rb4 39. Rxa3 Be4+ 40. Kc1 Bf3 41. Bd2 Bxg4 42. Rg3 Rc8+ 43. Kb2 Rd4 44. Be3 Rd3 45. b4 Bf5 46. Rxd3 Bxd3 47. Bc5 Bb5 48. Kc3 Rd8 49. Be7 Rc8+ 50. Kb3 Rc4 51. Bf6 g6 52. Rc3 Rxc3+ 53. Kxc3 Kf8 54. Kd4 Ke8 55. Kc5 Be2 56. Kc6 Bf3+ 57. Kb6 Kd7 58. Kc5 Bg2 59. b5 Bf3 60. Kb6 Be2 61. Ka5 Bf3 62. Ka6 Be2 63. Kb6 Bf1 1/2-1/2

[Event "GER-ch Youth-U12 2022"]
[Site "Willingen"]
[Date "2022.06.09"]
[Round "7.4"]
[White "Neuhoff, Laertes"]
[Black "Lu, Yunong Elias"]
[Result "1/2-1/2"]
[ECO "B15"]
[WhiteElo "1990"]
[BlackElo "1671"]
[Annotator "TA"]
[PlyCount "100"]
[EventDate "2022.06.05"]
[EventType "swiss"]
[EventRounds "9"]
[EventCountry "GER"]
[SourceTitle "playchess.com"]
[Source "ChessBase"]
[SourceQuality "1"]
[TimeControl "40/4500+30:900+30"]

1. e4 c6 2. d4 d5 3. Nc3 dxe4 4. Nxe4 Nf6 5. Nxf6+ exf6 6. c3 Bd6 7. Bd3 O-O 8. Ne2 Re8 9. Qc2 {[%emt 0:00:00] B15: Caro-Kann: 3 Nc3: 3...g6 and 3...dxe4 4 Nxe4 Nf6 5 Nxf6+ exf6.} h5 10. O-O h4 11. h3 {[%emt 0:00:00] White has an edge.} Nd7 12. Bd2 Nf8 13. Rae1 Be6 14. f4 {[%emt 0:13:15][%cal Bf2f4,Bf4f5][%mdl 32] [#]} Qb6 $146 (14... Bxa2 $2 15. b3 $18) (14... c5 $14) ({Predecessor:} 14... Qc7 15. f5 Bd7 16. c4 b6 17. b4 c5 18. dxc5 bxc5 19. b5 Nh7 20. Nc3 Ng5 {1-0 (45) Ivic,V (2582)-Bluebaum,M (2669) Krasnaya Polyana 2021}) 15. c4 $16 c5 (15... Bb8 $16) 16. f5 Bd7 {[%emt 0:05:55] [#]} 17. d5 (17. b4 $1 $18 {is the precise move to win.}) 17... Qc7 18. Nc3 Bg3 (18... Rxe1 $142 19. Bxe1 (19. Rxe1 Nh7 $16) 19... Bg3) 19. Rxe8 Rxe8 20. Ne4 Be5 21. Be1 Bd4+ (21... b5 $142) 22. Kh1 a6 (22... Bc8 $16 23. Bxh4 Nd7) 23. Bxh4 $18 b5 24. Bg3 (24. b3 $18) 24... Qb6 (24... Be5 $16 {was worth a try.}) 25. b3 bxc4 26. bxc4 (26. Bxc4 Bb5 27. a4 Bxc4 28. bxc4 Nd7 $16) 26... Qa5 27. Rb1 ({White should play} 27. Bf4 $18) 27... Bxf5 $16 {[%emt 0:02:57] [#]} 28. Nxf6+ $1 Bxf6 29. Bxf5 g6 30. Bd3 Qa3 (30... Kg7 $16 31. Rb7 Re3) 31. Rb3 Qa4 32. Qd2 Qd7 33. Rb6 Bd4 34. Bf4 ({Resist} 34. Rxa6 Qb7 35. Ra3 Nd7) 34... Qd8 35. Rb8 {[%emt 0:00:40] White is more active.} ({Don't play} 35. Rxa6 $6 Qh4 36. Kh2 Bc3 $11) 35... Qd7 36. Rxe8 Qxe8 37. Qe2 Qa4 (37... Qd8 $16 38. g3 Nd7) 38. Be3 $2 ({White should try} 38. h4 $18) 38... Bxe3 $11 {[%emt 0:00:43] The position is equal.} 39. Qxe3 Qxa2 40. Qxc5 {[%emt 0:02:46][%mdl 4096] Endgame KQB-KQN} Qa1+ 41. Kh2 Qe5+ 42. Kg1 a5 43. Bf1 a4 44. Qa7 Kg7 45. Qxa4 Qe3+ $1 46. Kh1 {[%emt 0:00:35] Qa1+ is the strong threat.} Qe1 {[%emt 0:00:00] Prevents Qa1+.} 47. Kg1 {[%emt 0:00:17] aiming for Qa3.} Qe3+ 48. Kh2 {[%emt 0:00:18] Black must now prevent Qa1+.} Qf4+ 49. Kg1 {[%emt 0:00:32] Strongly threatening Qa1+.} Qe3+ $1 50. Kh1 {[%emt 0:00:36] Hoping for Qa1+.} Qe1 {[%emt 0:00:00] Prevents Qa1+. White really could win this.  Weighted Error Value: White=0.20 (precise) /Black=0.17 (very precise)} 1/2-1/2

[Event "GER-ch Youth-U12 2022"]
[Site "Willingen"]
[Date "2022.06.09"]
[Round "7.5"]
[White "Wartenberg, Alexander"]
[Black "Malinowsky, Levi"]
[Result "0-1"]
[ECO "B41"]
[WhiteElo "1682"]
[BlackElo "1816"]
[Annotator "NA RC COMBH"]
[PlyCount "62"]
[EventDate "2022.06.05"]
[EventType "swiss"]
[EventRounds "9"]
[EventCountry "GER"]
[SourceTitle "playchess.com"]
[Source "ChessBase"]
[SourceQuality "1"]
[TimeControl "40/4500+30:900+30"]

1. e4 c5 2. Nf3 e6 3. d4 cxd4 4. Nxd4 a6 5. c4 Nf6 6. Nc3 Qc7 7. Bd3 Be7 8. O-O b6 9. Be3 Bb7 10. Qb3 Ng4 11. g3 Nxe3 12. fxe3 d6 13. Rf3 Nd7 14. Raf1 Bf6 15. Na4 Bc6 16. R3f2 O-O 17. Nc3 Rac8 18. Qc2 Ne5 19. b3 Ng4 20. Rxf6 Nxf6 21. Qg2 Nd7 22. Qh3 Ne5 23. Bc2 Bb7 24. Rf4 b5 25. Rh4 h6 26. Nce2 bxc4 27. Nf4 cxb3 28. Bxb3 Qc1+ 29. Kg2 Bxe4+ 30. Kf2 Qd2+ 31. Nde2 Rc1 0-1

[Event "GER-ch Youth-U12 2022"]
[Site "Willingen"]
[Date "2022.06.09"]
[Round "7.6"]
[White "Aniol, Nico"]
[Black "Schuricht, Emil Frederick"]
[Result "0-1"]
[ECO "B13"]
[WhiteElo "1494"]
[BlackElo "1641"]
[Annotator "NA RC COMBH"]
[PlyCount "120"]
[EventDate "2022.06.05"]
[EventType "swiss"]
[EventRounds "9"]
[EventCountry "GER"]
[SourceTitle "playchess.com"]
[Source "ChessBase"]
[SourceQuality "1"]
[TimeControl "40/4500+30:900+30"]

1. e4 c6 2. d4 d5 3. exd5 cxd5 4. c4 Nf6 5. Nc3 Nc6 6. Nf3 Bg4 7. cxd5 Nxd5 8. Qb3 Bxf3 9. gxf3 e6 10. Qxb7 Nxd4 11. Bb5+ Nxb5 12. Qc6+ Ke7 13. Qc5+ Qd6 14. Qxb5 Qd7 15. Nxd5+ exd5 16. Qxd7+ Kxd7 17. O-O Rc8 18. Rd1 Ke6 19. Bf4 Rc4 20. Re1+ Kd7 21. Bg3 Bd6 22. Re2 Rhc8 23. Rd1 R8c5 24. Red2 Kc6 25. Rd3 f5 26. Bxd6 Kxd6 27. R1d2 Rc2 28. b4 Rc1+ 29. Kg2 Rb5 30. a4 Rxb4 31. Rxd5+ Ke6 32. Ra5 Rc7 33. Ra6+ Rb6 34. Re2+ Kf6 35. Ra5 g6 36. Rd2 Rbc6 37. Rb2 Rc5 38. Ra6+ Ke5 39. Rb5 Rxb5 40. axb5 Rb7 41. Kg3 Kd5 42. Rc6 Rxb5 43. Rc7 a5 44. Rxh7 a4 45. Ra7 Rb4 46. Ra6 Kc4 47. Rxg6 a3 48. Re6 a2 49. Ra6 Kb3 50. Rxa2 Kxa2 51. h4 Kb3 52. h5 Kc3 53. h6 Rb6 54. Kf4 Rxh6 55. Kxf5 Kd4 56. Kg4 Ke5 57. f4+ Kf6 58. Kf3 Kf5 59. Ke3 Rh3+ 60. f3 Rh2 0-1

[Event "GER-ch Youth-U12 2022"]
[Site "Willingen"]
[Date "2022.06.09"]
[Round "7.7"]
[White "Freude, Paul"]
[Black "Nemitz, Alfred"]
[Result "0-1"]
[ECO "C45"]
[WhiteElo "1415"]
[BlackElo "1611"]
[Annotator "NA RC COMBH"]
[PlyCount "48"]
[EventDate "2022.06.05"]
[EventType "swiss"]
[EventRounds "9"]
[EventCountry "GER"]
[SourceTitle "playchess.com"]
[Source "ChessBase"]
[SourceQuality "1"]
[TimeControl "40/4500+30:900+30"]

1. e4 e5 2. Nf3 Nc6 3. d4 exd4 4. Nxd4 Nf6 5. Nxc6 bxc6 6. e5 Qe7 7. Qe2 Nd5 8. c4 Ba6 9. b3 g6 10. f4 Bg7 11. Qf2 Nb6 12. Ba3 d6 13. Be2 c5 14. Bf3 Rd8 15. Bc6+ Nd7 16. O-O O-O 17. Nd2 g5 18. g3 dxe5 19. Bxd7 Qxd7 20. Ne4 exf4 21. Rad1 Qxd1 22. Rxd1 Rxd1+ 23. Kg2 Bb7 24. Qc2 Rd4 0-1

[Event "GER-ch Youth-U12 2022"]
[Site "Willingen"]
[Date "2022.06.09"]
[Round "7.8"]
[White "Polzin, Gustav"]
[Black "Sydykov Bayastan"]
[Result "0-1"]
[ECO "C06"]
[WhiteElo "1643"]
[BlackElo "1477"]
[Annotator "NA RC COMBH"]
[PlyCount "76"]
[EventDate "2022.06.05"]
[EventType "swiss"]
[EventRounds "9"]
[EventCountry "GER"]
[SourceTitle "playchess.com"]
[Source "ChessBase"]
[SourceQuality "1"]
[TimeControl "40/4500+30:900+30"]

1. e4 e6 2. d4 d5 3. Nd2 Nf6 4. e5 Nfd7 5. Bd3 c5 6. c3 b5 7. Ne2 Qb6 8. Nf3 Nc6 9. O-O b4 10. Bc2 Ba6 11. Be3 Be7 12. Re1 O-O 13. Nf4 bxc3 14. bxc3 cxd4 15. cxd4 Nb4 16. Bb1 Rfc8 17. a3 Nc6 18. h4 Nf8 19. Nh5 Ng6 20. g3 Na5 21. Ng5 Nc4 22. Qf3 Rf8 23. Ra2 Nxa3 24. Rxa3 Qb4 25. Rc1 Qxa3 26. Nxg7 Kxg7 27. Nxe6+ fxe6 28. Qh5 Bd3 29. Bh6+ Kh8 30. Bxd3 Qxd3 31. g4 Nf4 32. Bxf4 Rxf4 33. Rc7 Qd1+ 34. Kg2 Qf3+ 35. Kg1 Qxf2+ 36. Kh1 Qf1+ 37. Kh2 Rf2+ 38. Kg3 Qg2# 0-1